 Dungeon Crawl Stone Soup version 0.32-a0-132-g2d33c3cfaf (webtiles) character file.

Game seed: 4995775443880154197

140 Dittersdorf the Shield-Bearer (level 5, -2/33 HPs)
             Began as a Gargoyle Fighter on Feb 9, 2024.
             Killed by divine providence
             ... invoked by an orc priest
              (13 damage)
             ... on level 5 of the Dungeon.
             The game lasted 00:03:54 (2899 turns).

Dittersdorf the Shield-Bearer (Gargoyle Fighter)    Turns: 2899, Time: 00:03:54

Health: -2/33      AC: 15    Str: 28    XL:     5   Next: 22%
Magic:  5/5        EV:  8    Int:  8    God:
Gold:   125        SH: 10    Dex: 15    Spells: 4/4 levels left

rFire   . . .        a - +1 flail
rCold   . . .        c - +0 buckler
rNeg    + . .        r - +0 chain mail
rPois   ∞            (no helmet)
rElec   +            (no cloak)
rCorr   .            (no gloves)
SInv    .            p - +1 pair of boots
Will    .....        l - amulet of reflection Stlth
                     e - +6 ring of dexterity
HPRegen 0.25/turn    q - +6 ring of strength
MPRegen 0.09/turn

%: reflection
@: no status effects
A: sickness immunity, AC +4, negative energy resistance 1, electricity
resistance, torment resistance 1, petrification resistance
a: no special abilities


You were on level 5 of the Dungeon.
You visited 1 branch of the dungeon, and saw 5 of its levels.

You collected 125 gold pieces.

Inventory:

Hand Weapons
 a - a +1 flail (weapon)
Armour
 c - a +0 buckler (worn)
 p - a +1 pair of boots (worn)
 r - a +0 chain mail (worn)
Jewellery
 e - a +6 ring of dexterity (left hand)
 l - an amulet of reflection (around neck)
 q - a +6 ring of strength (right hand)
Wands
 b - a wand of quicksilver (14) (quivered)
Scrolls
 h - a scroll of enchant weapon
 i - a scroll of teleportation
 j - a scroll of enchant armour
Potions
 d - a potion of might
 f - 2 potions of haste
 k - 2 potions of curing {unknown}
 m - 3 potions of mutation {unknown}
 n - a potion of attraction {unknown}
 s - 2 potions of enlightenment {unknown}
 t - a potion of ambrosia {unknown}


   Skills:
 + Level 4.2 Fighting
 + Level 3.1 Maces & Flails
 + Level 4.2 Armour
 + Level 4.2 Shields


You had 4 spell levels left.
You didn't know any spells.
Your spell library contained the following spells:

 Spells                   Type           Power      Damage    Failure   Level
 Jinxbite                 Hex            0%         N/A       98%         2
 Call Canine Familiar     Summ           0%         N/A       100%        3
 Sigil of Binding         Hex            0%         N/A       100%        3
 Dimensional Bullseye     Hex/Tloc       0%         N/A       100%        4
 Dispel Undead            Necr           0%         3d6       100%        4
 Martyr's Knell           Necr/Summ      0%         N/A       100%        4
 Yara's Violent Unravell  Hex/Alch       0%         3d3       100%        5
 Death Channel            Necr           0%         N/A       100%        6
 Enfeeble                 Hex            0%         N/A       100%        7
 Cigotuvi's Dreadful Rot  Necr/Alch/Air  Unusable   N/A       N/A         2

Dungeon Overview and Level Annotations

Branches:
Dungeon (5/15)
 Temple: D:4-7

Altars:
Dithmenos
Sif Muna

Shops:
D:4 =


Innate Abilities, Weirdness & Mutations

You are immune to sickness and miasma.
Your stone body is resilient. (AC +4)
You are immune to poison.
You resist negative energy. (rN+)
You are resistant to electric shocks. (rElec)
You are resistant to unholy torment.
You are immune to petrification.


Message History

You closely miss the orc priest.
The orc priest is moderately wounded.
The orc wizard hits you but does no damage.
The orc priest miscasts a cantrip.
You completely miss the orc priest.
The orc priest is moderately wounded.
The orc wizard gestures at you while chanting.
The magic dart hits you but does no damage.
You block the orc priest's attack. The orc wizard casts a spell at you.
You are confused.
The orc priest calls down the wrath of Beogh upon you.
Pain shoots through your body!
You closely miss the orc wizard.
The orc wizard hits you but does no damage.
The orc priest miscasts a cantrip.
You bump into the rock wall.
You bump into the rock wall.
The orc wizard points at you and mumbles some strange words.
You resist with some effort.
The orc priest hits you but does no damage.
You bump into the rock wall.
You feel less confused.
The orc wizard hits you but does no damage.
You block the orc priest's attack.
The orc wizard attacks as it pursues you!
You block the orc wizard's attack. The orc priest closely misses you.
The orc wizard gestures at you while chanting.
The magic dart hits you.
You hit the orc priest.
The orc priest is severely wounded.
The orc priest hits you with a +0 hand axe.
You barely miss the orc priest.
The orc priest is severely wounded.
The orc wizard points at you and mumbles some strange words.
You resist with some effort. The orc priest barely misses you.
You barely miss the orc wizard.
The orc priest invokes the aid of Beogh against you.
Beogh smites you!
You die...

#.....#........
###.......##...
#..#.#.#......
########.#.###.#.#..
#...##...### ###.#.#
###.#.#..### ..#
#.......## #.#.#..##
..#o@## ##.#.#.#o#
.......).#
.#.#.#.#....#
.......##.....
......#.# #.#.
.........# ..
.....#.#.#
.........#


You could see an orc priest and an orc wizard.

Vanquished Creatures
  A bombardier beetle (D:3)
  3 adders
  A white imp (D:5)
  An orc (D:5)
  4 ball pythons
  7 endoplasms
  4 giant cockroaches
  7 goblins
  12 hobgoblins
  7 kobolds
  3 quokkas
  5 bats
  2 frilled lizards
  5 rats
62 creatures vanquished.

Notes
Turn   | Place    | Note
-------+----------+-------------------------------------------
     0 | D:1      | Dittersdorf the Gargoyle Fighter began the quest for the
                  | Orb.
     0 | D:1      | Reached XP level 1. HP: 14/14 MP: 1/1
    46 | D:1      | Reached XP level 2. HP: 19/19 MP: 2/2
   255 | D:1      | Reached XP level 3. HP: 17/23 MP: 3/3
   975 | D:2      | Found a shimmering blue altar of Sif Muna.
  1244 | D:2      | Reached XP level 4. HP: 29/29 MP: 4/4
  2112 | D:4      | Found Cexuodd's Jewellery Boutique.
  2268 | D:4      | Found a shadowy altar of Dithmenos.
  2570 | D:4      | Reached XP level 5. HP: 33/33 MP: 5/5
  2723 | D:5      | Entered Level 5 of the Dungeon
  2899 | D:5      | Killed from afar by an orc priest

Illustrated notes

Levels and vault maps discovered:
D:1:      psy_arrival_whirlpool, layout_rooms
D:2:      layout_loops_corners, basic_altar
D:3:      layout_basic
D:4:      layout_loops_ring, old_standard_altar, serial_shops,
          nicolae_stop_n_shop_2
D:5:      nicolae_cairo_tiling_large_dashed, layout_rooms,
          lemuel_coloured_pillars_altar, mainiacjoe_overflow_24_doors,
          hangedman_decor_riveting, minmay_misc_feat_hallway, uniq_menkaure

Skill      XL: |  1  2  3  4 |
---------------+-------------+-----
Fighting       | 4 |  4.2
Armour         | 4 |  4.2
Shields        | 4 |  4.2
Maces & Flails | 3 |  3.1

Action                     |  1- 3 |  4- 6 || total
---------------------------+-------+-------++-------
  Melee: Flail             |   134 |    62 ||   196
    Use: Scroll            |       |     7 ||     7
 Armour: Scale mail        |   104 |     7 ||   111
         Chain mail        |       |    29 ||    29
  Dodge: Dodged            |    86 |    20 ||   106
  Block: Buckler           |    58 |    25 ||    83
         Reflection        |       |     2 ||     2

Table legend: (Time is in decaauts)
 A = Elapsed time spent in this place.
 B = Non-inter-level travel time spent in this place.
 C = Inter-level travel time spent in this place.
 D = Time resting spent in this place.
 E = Time spent auto-exploring this place.
 F = Levels seen in this place.
 G = Mean time per level.
                   A        B        C        D        E       F      G
               +--------+--------+--------+--------+--------+-----+--------+
         Total |   2956 |   2823 |    133 |     67 |   2172 |   5 |  591.2 |
       Dungeon |   2956 |   2823 |    133 |     67 |   2172 |   5 |  591.2 |
               +--------+--------+--------+--------+--------+-----+--------+

Top non-repeatable levels by time:
     D:2: 841 daAuts
     D:3: 724 daAuts
     D:1: 612 daAuts
     D:4: 611 daAuts
     D:5: 166 daAuts
